 Dungeon Crawl Stone Soup version 0.30.1-4-g462c640d31 (webtiles) character file.

Game seed: 4779362504283017170

2 Lenny the Vexing (level 1, 0/15 HPs)
             Began as a Barachi Hexslinger on Aug 16, 2023.
             Slain by a gnoll
             ... wielding a +0 club
              (3 damage)
             ... on level 1 of the Dungeon.
             The game lasted 00:02:40 (161 turns).

Lenny the Vexing (Barachi Hexslinger)                Turns: 161, Time: 00:02:40

Health: 0/15       AC:  2    Str: 11    XL:     1   Next: 40%
Magic:  2/2        EV: 12    Int: 13    God:
Gold:   21         SH:  0    Dex: 12    Spells: 1/2 levels left

rFire   . . .        a - +1 sling
rCold   . . .        (no shield)
rNeg    . . .        c - +0 robe
rPois   .            (no helmet)
rElec   .            (no cloak)
rCorr   .            (no gloves)
SInv    .            (no boots)
Will    .....        (no amulet)
Stlth   +            (no ring)
HPRegen 0.22/turn    (no ring)
MPRegen 0.08/turn

%: no passive effects
@: slow
A: amphibious, slowness 1, strong legs 1, +LOS
a: Hop


You were on level 1 of the Dungeon.
You visited 1 branch of the dungeon, and saw 1 of its levels.

You collected 21 gold pieces.

Inventory:

Hand Weapons
 a - a +1 sling (weapon)
Armour
 c - a +0 robe (worn)
Scrolls
 b - a scroll of poison
 e - a scroll of noise {unknown}
Potions
 d - a potion of mutation {unknown}


   Skills:
 + Level 1.2 Fighting
 + Level 2.1 Ranged Weapons
 + Level 2.1 Dodging
 + Level 1.1 Spellcasting
 + Level 3.4 Hexes


You had one spell level left.
You knew the following spells:

 Your Spells              Type           Power      Damage    Failure   Level
a - Slow                  Hex            36%        N/A       7%          1

Your spell library contained the following spells:

 Spells                   Type           Power      Damage    Failure   Level
 Inner Flame              Hex/Fire       5%         N/A       38%         3
 Portal Projectile        Hex/Tloc       10%        N/A       38%         3
 Cause Fear               Hex            4%         N/A       56%         4


Dungeon Overview and Level Annotations

Branches:
Dungeon (1/15)

Altars:


Innate Abilities, Weirdness & Mutations

You are amphibious.
You cover ground slowly.
You can hop short distances.
You have an extended range of vision and can be seen from far away.


Message History

The quokka seems to slow down.
The quokka bites you.
Aiming: Slow (safe; 7% risk of failure)
Press: ? - help, Q - select action, (/) - cycle Shift-Dir - straight line, f/p - quokka
Aim: a quokka (slow, chance to affect: 61%)
The quokka seems to slow down.
The quokka closely misses you.
You don't have enough magic to cast this spell.
You don't have enough magic to cast this spell.
You don't have enough magic to cast this spell.
Fire: a) +1 sling
Press: ? - help, Shift-Dir - straight line, f/p - quokka
Aim: a quokka (slow, 43% to hit)
You shoot a sling bullet.
The sling bullet closely misses the quokka.
The quokka barely misses you.
You shoot a sling bullet. The sling bullet misses the quokka.
The quokka barely misses you.
You shoot a sling bullet.
The sling bullet barely misses the quokka.
The quokka bites you.
You shoot a sling bullet. The sling bullet hits the quokka!
You kill the quokka!
You see here a quokka corpse.
You see here a quokka corpse.
You now have 21 gold pieces (gained 3).
e - a scroll labelled XID GIVIEM A gnoll comes into view.
It is wielding a +0 club.
You shoot a sling bullet.
The sling bullet hits the gnoll but does no damage.
The gnoll barely misses you. The gnoll misses you.
The gnoll hits you with a +0 club. The gnoll attacks as you move away!
The gnoll barely misses you. The gnoll hits you with a +0 club!
The gnoll attacks as you move away! The gnoll barely misses you.
The gnoll attacks as you move away! The gnoll barely misses you.
The gnoll attacks as you move away! The gnoll hits you with a +0 club.
* * * LOW HITPOINT WARNING * * *
The gnoll hits you with a +0 club.
You die...

###.### #.# #.#
#.# #####.####.#
#.# #..........#
#+#
#.###..........#
#.............#
#.........†#
#..........#
#####.........##
#@............#
#g###.........#
#.# #.........#
#.# ###########
#.# #.# #.# #.#
#. #.#


You could see a gnoll.

Vanquished Creatures
  2 quokkas (D:1)
2 creatures vanquished.

Notes
Turn   | Place    | Note
-------+----------+-------------------------------------------
     0 | D:1      | Lenny the Barachi Hexslinger began the quest for the Orb.
     0 | D:1      | Reached XP level 1. HP: 15/15 MP: 2/2
   161 | D:1      | Slain by a gnoll

Illustrated notes

Levels and vault maps discovered:
D:1:      shiori_shiawase, layout_loops_ring, dk_noncrumbling_2

Action                     || total
---------------------------++-------
   Fire: Sling             ||     8
   Cast: Slow              ||     2
  Dodge: Dodged            ||    12
